cohdb
Replays
Latest Replays
All Replays
Popular Replays
Top Player Replays
Match Explorer
How It Works
Community
CoH3 Stats
Reddit
Sign in to upload your games and track your stats! →
Sign in with Steam
Match 45866499
Unlisted
Match 45866499
Overview
Messages
Build Orders
End
Kradschützen Motorcycle Team
Selects Italian Combined Arms Battlegroup
Selects Bersaglieri Squad
Bersaglieri Squad
Bersaglieri Squad
Bersaglieri Squad
Construct Light Support Kompanie
Fire Support Elements
Flakvierling Half-track
Panzerjäger Mechanized Group
2.5-tonne Medical Truck
Selects Bersaglieri Bolster
Selects Breda Model 30 Light Machine Guns
Construct Panzerarmee Kommand
Tungsten Core Ammunition
Panzer III L Medium Tank
Walking Stuka Rocket Launcher
Grand.G
oZoner
0
0
Comments
sign in to comment!
No comments posted yet!